 Dungeon Crawl Stone Soup version 0.19.5 (webtiles) character file.

755 McKennaii the Magician (level 7, -3/37 HPs)
             Began as a Deep Elf Fire Elementalist on May 13, 2017.
             Slain by an ice beast (5 damage)
             ... on level 4 of the Dungeon.
             The game lasted 00:09:14 (3505 turns).

McKennaii the Magician (Deep Elf Fire Elementalist) Turns: 3505, Time: 00:09:15

Health: -3/37      AC:  5    Str:  5    XL:     7   Next: 49%
Magic:  12/19      EV: 13    Int: 22    God:
Gold:   277        SH:  5    Dex: 15    Spells: 6 memorised, 1 level left

rFire  . . .     SeeInvis .     n - +3 quarterstaff (chaos)
rCold  . . .     Gourm    .     a - +0 robe
rNeg   + . .     Faith    .     (shield currently unavailable)
rPois  .         Spirit   .     r - +0 helmet
rElec  .         Reflect  +     o - +1 cloak
rCorr  .         Harm     .     (no gloves)
MR     .....                    (no boots)
Stlth  ++........               w - +5 amulet of reflection
                                (no ring)
                                u - ring of positive energy

@: no status effects
A: no striking features
a: no special abilities


You were on level 4 of the Dungeon.
You were not hungry.

You visited 1 branch of the dungeon, and saw 5 of its levels.

You collected 277 gold pieces.

Inventory:

Hand Weapons
 n - a +3 quarterstaff of chaos (weapon)
Armour
 a - a +0 robe (worn)
 o - a +1 cloak (worn)
 r - a +0 helmet (worn)
Jewellery
 u - a ring of positive energy (left hand)
 w - a +5 amulet of reflection (around neck)
Wands
 y - a wand of digging (12/24)
Scrolls
 d - 3 scrolls of identify
 e - a scroll of enchant weapon
 v - a scroll of teleportation {unknown}
Potions
 f - a potion of haste
 g - 3 potions of ambrosia {unknown}
 h - 2 potions of curing {unknown}
 j - 2 potions of agility {unknown}
 p - a potion of invisibility {unknown}
 t - 3 potions of cure mutation {unknown}
 z - 2 potions of cancellation {unknown}
 A - 2 potions of brilliance {unknown}
Books
 b - a book of Flames

   Spells                             Type                      Level
   a - Flame Tongue                   Conjuration/Fire             1
   b - Throw Flame                    Conjuration/Fire             2
   c - Conjure Flame                  Conjuration/Fire             3
   d - Inner Flame                    Hexes/Fire                   3
   e - Sticky Flame                   Conjuration/Fire             4
   f - Fireball                       Conjuration/Fire             5
 l - a book of Conjurations

   Spells                             Type                      Level
   a - Magic Dart                     Conjuration                  1
   b - Searing Ray                    Conjuration                  2
   c - Dazzling Spray                 Conjuration/Hexes            3
   d - Fulminant Prism                Conjuration/Hexes            4
   e - Iskenderun's Mystic Blast      Conjuration                  4
   f - Iskenderun's Battlesphere      Conjuration/Charms           5
Comestibles
 c - 4 bread rations
 k - a slice of pizza
 m - 2 meat rations
 q - a beef jerky
 s - a fruit


   Skills:
 + Level 0.4 Fighting
 + Level 1.6 Staves
 + Level 3.2 Dodging
 + Level 3.5 Stealth
 + Level 7.0 Spellcasting
 + Level 4.2 Conjurations
 + Level 5.6 Fire Magic


You had one spell level left.
You knew the following spells:

 Your Spells              Type           Power        Failure   Level  Hunger
a - Flame Tongue          Conj/Fire      ####.        1%          1    None
b - Throw Flame           Conj/Fire      ####..       1%          2    None
c - Conjure Flame         Conj/Fire      ####....     3%          3    None
d - Dazzling Spray        Conj/Hex       ###...       12%         3    None
e - Iskenderun's Battles  Conj/Chrm      ###.....     91%         5    #####..
f - Fireball              Conj/Fire      ####......   34%         5    #####..


Dungeon Overview and Level Annotations

Branches:
Dungeon (5/15)
 Temple: D:4-7

Altars:
Elyvilon
Gozag


Message History

The ice beast is moderately wounded.
The ice beast misses you.
Casting: Flame Tongue
Confirm with . or Enter, or press ? or * to list all spells.
Aiming: Flame Tongue
Press: ? - help, Shift-Dir - straight line, f/p - ice beast
Aim: an ice beast (moderately wounded)
The flame tongue misses the ice beast.
The ice beast hits you.
* * * LOW HITPOINT WARNING * * *
The ice beast freezes you.
* * * LOW HITPOINT WARNING * * *
Casting: Flame Tongue
Confirm with . or Enter, or press ? or * to list all spells.
Aiming: Flame Tongue
Press: ? - help, Shift-Dir - straight line, f/p - ice beast
Aim: an ice beast (moderately wounded)
The flame tongue misses the ice beast.
The ice beast hits you.
* * * LOW HITPOINT WARNING * * *
The ice beast freezes you.
You die...

####### #.....#
#.....###########
#...............#
#..Y..#######.#.####
#..@..# ####.......
#.#.######....).....
#.#........####.####
#.#.######## #.# #
##### #.#.# #.# #
##...## #.#.# #.# #
#.....######.#.###
#.# #
#.........[......#
#.# #
#.....######.#.#.#
#.# #


You could see an ice beast.

Vanquished Creatures
  Sigmund (D:3)
  A scorpion (D:4)
  A bullfrog zombie (D:4)
  A jelly (D:5)
  3 hounds
  4 orc priests (D:4)
  Crazy Yiuf (D:2)
  Jessica (D:2)
  Natasha (thrice) (D:3)
  Robin (D:2)
  5 adders
  An adder zombie (D:3)
  A worm (D:2)
  2 dart slugs
  The ghost of letownia the Conjurer, a weakling FeCj (D:4)
  3 leopard geckos
  5 orcs (D:4)
  2 ball pythons (D:2)
  3 giant cockroaches
  13 goblins
  7 hobgoblins
  6 jackals
  7 kobolds
  A quokka (D:3)
  9 bats
  5 frilled lizards
  13 rats
101 creatures vanquished.

Notes
Turn   | Place    | Note
-------+----------+-------------------------------------------
     0 | D:1      | McKennaii the Deep Elf Fire Elementalist began the quest for the Orb.
     0 | D:1      | Reached XP level 1. HP: 10/10 MP: 6/6
   192 | D:1      | Reached XP level 2. HP: 8/15 MP: 1/8
   720 | D:2      | Reached XP level 3. HP: 19/19 MP: 8/10
   724 | D:2      | Learned a level 2 spell: Throw Flame
   728 | D:2      | Learned a level 3 spell: Conjure Flame
   772 | D:2      | Found an opulent altar of Gozag.
   820 | D:2      | Found a white marble altar of Elyvilon.
   938 | D:2      | Noticed Robin
  1169 | D:2      | Found a runed door.
  1210 | D:2      | Reached skill level 4 in Spellcasting
  1312 | D:2      | Noticed Crazy Yiuf
  1322 | D:2      | Killed Crazy Yiuf
  1322 | D:2      | Reached XP level 4. HP: 24/24 MP: 0/12
  1355 | D:2      | Noticed Jessica
  1357 | D:2      | Killed Jessica
  1501 | D:2      | Reached XP level 5. HP: 21/28 MP: 11/13
  1511 | D:2      | Learned a level 5 spell: Fireball
  1920 | D:2      | Killed Robin
  2165 | D:3      | Noticed Natasha
  2169 | D:3      | Killed Natasha
  2230 | D:3      | Noticed Sigmund
  2238 | D:3      | Killed Sigmund
  2238 | D:3      | Reached skill level 5 in Spellcasting
  2238 | D:3      | Reached XP level 6. HP: 29/33 MP: 5/16
  2515 | D:3      | Noticed Natasha
  2520 | D:3      | Killed Natasha
  2623 | D:3      | Noticed Natasha
  2627 | D:3      | Killed Natasha
  2627 | D:3      | Reached skill level 5 in Fire Magic
  2654 | D:4      | Reached skill level 1 in Staves
  2654 | D:4      | Reached skill level 6 in Spellcasting
  2834 | D:4      | Noticed letownia's ghost (weakling FeCj)
  2836 | D:4      | Killed letownia's ghost
  2947 | D:4      | Reached XP level 7. HP: 37/37 MP: 15/18
  3037 | D:4      | Learned a level 3 spell: Dazzling Spray
  3043 | D:4      | Learned a level 5 spell: Iskenderun's Battlesphere
  3442 | D:5      | Entered Level 5 of the Dungeon
  3469 | D:5      | Reached skill level 7 in Spellcasting
  3505 | D:4      | Slain by an ice beast

Skill      XL: |  1  2  3  4  5  6  7 |
---------------+----------------------+-----
Conjurations   | 2 3 4 |  4.2
Fire Magic     | 4 5 |  5.6
Spellcasting   | 4 5 6 7 |  7.0
Stealth        | 3 |  3.5
Dodging        | 3 |  3.2
Staves         | 1 |  1.6
Fighting       | |  0.4

Action                   |  1- 3 |  4- 6 |  7- 9 || total
-------------------------+-------+-------+-------++-------
Melee: Unarmed           |     1 |       |       ||     1
       Quarterstaff      |       |    13 |     3 ||    16
 Cast: Flame Tongue      |    87 |    67 |    27 ||   181
       Throw Flame       |     1 |    15 |     8 ||    24
       Conjure Flame     |     1 |     1 |     2 ||     4
  Use: Scroll            |       |     7 |       ||     7
 Stab: Sleeping          |       |     1 |       ||     1
  Eat: Chunk             |     1 |     5 |     2 ||     8
Armor: Robe              |     3 |     3 |     3 ||     9
Dodge: Dodged            |    41 |    12 |     8 ||    61
Block: Other             |       |     6 |     2 ||     8
